 Dungeon Crawl Stone Soup version 0.23.0 (webtiles) character file.

Game seed: 524076608477883198

195 LostNumber the Insei (level 5, -6/41 HPs)
             Began as a Demigod Transmuter on Feb 11, 2019.
             Killed from afar by an orc wizard (8 damage)
             ... with a puff of flame
             ... on level 3 of the Dungeon.
             The game lasted 00:04:26 (3637 turns).

LostNumber the Insei (Demigod Transmuter)           Turns: 3637, Time: 00:04:27

Health: -6/41      AC:  5    Str: 13    XL:     5   Next: 21%
Magic:  8/11       EV: 13    Int: 19    God:
Gold:   147        SH:  0    Dex: 16    Spells: 3/9 levels left

rFire    . . .     SeeInvis .     - Unarmed
rCold    . . .     Gourm    .   (no shield)
rNeg     . . .     Faith    .   n - +2 robe {MR+}
rPois    .         Spirit   .   (no helmet)
rElec    .         Reflect  .   c - +0 cloak
rCorr    .         Harm     .   (no gloves)
MR       +....                  (no boots)
Stlth    +.........             (no amulet)
HPRegen  0.13/turn              (no ring)
MPRegen  0.12/turn              (no ring)

@: very slightly contaminated
A: high mp 1
a: no special abilities


You were on level 3 of the Dungeon.
You were hungry.

You visited 1 branch of the dungeon, and saw 4 of its levels.

You collected 147 gold pieces.

Inventory:

Missiles
 a - 27 arrows
Armour
 b - a +0 robe
 c - a +0 cloak (worn)
   (You found it on level 1 of the Dungeon)
 n - a +2 robe of magic resistance (worn)
   (You found it on level 3 of the Dungeon)
 p - a +0 helmet
   (You found it on level 3 of the Dungeon)
Scrolls
 d - 4 scrolls of identify {unknown}
 g - a scroll of teleportation {unknown}
 h - a scroll of noise {unknown}
 i - 3 scrolls of fear {unknown}
 j - 2 scrolls of remove curse {unknown}
 l - a scroll of immolation {unknown}
 m - 4 scrolls of magic mapping {unknown}
Potions
 f - a potion of lignification {!q}
 k - 2 potions of curing {unknown}
 o - a potion of brilliance {unknown}
 r - a potion of might {unknown}
 s - a potion of heal wounds {unknown}
Comestibles
 e - 3 rations {!d}
 q - 4 chunks of flesh


   Skills:
 + Level 2.0 Fighting
 + Level 2.7 Dodging
 * Level 3.9 Unarmed Combat
 + Level 2.5 Spellcasting
 + Level 2.6 Transmutations


You had 3 spell levels left.
You knew the following spells:

 Your Spells              Type           Power        Failure   Level  Hunger
a - Beastly Appendage     Tmut           ##....       5%          1    #......
s - Sticks to Snakes      Tmut           ##......     9%          2    ##.....
x - Spider Form           Tmut/Pois      #.........   28%         3    ###....

Your spell library contained the following spells:

 Spells                   Type           Power        Failure   Level  Hunger
 Ice Form                 Ice/Tmut       #.......     67%         4    #####..
 Blade Hands              Tmut           ##........   83%         5    ######.


Dungeon Overview and Level Annotations

Branches:
Dungeon (4/15)
 Temple: D:4-7


Innate Abilities, Weirdness & Mutations

You have an increased reservoir of magic. (+10% MP)


Message History

Something hits you but does no damage.
The howler monkey hoots and howls with incredible vigour!
Something hits you.
You completely miss something. You punch something.
The howler monkey hits you but does no damage.
Something hits you.
You miscast Spider Form.
You are very lightly contaminated with residual magic.
You are engulfed in noxious fumes.
You choke on the stench!
You are confused.
Something hits you but does no damage. The howler monkey hits you.
* * * LOW HITPOINT WARNING * * *
Something barely misses you.
You're too confused to cast spells.
Unknown command.
You're too confused to move!
You are engulfed in noxious fumes.
You choke on the stench!
You are more confused.
* * * LOW HITPOINT WARNING * * *
The howler monkey misses you.
You hear some strange, mumbled words.
A magic dart appears from out of thin air!
The magic dart hits you.
* * * LOW HITPOINT WARNING * * *
The howler monkey misses you.
You're too confused to move!
You are engulfed in noxious fumes.
* * * LOW HITPOINT WARNING * * *
Something hits you.
* * * LOW HITPOINT WARNING * * *
The howler monkey misses you. Something hits you.
* * * LOW HITPOINT WARNING * * *
Unknown command.
You feel less confused.
The howler monkey hits you but does no damage.
Something hits you.
* * * LOW HITPOINT WARNING * * *
You see here 18 poisoned needles.
You hear some strange, mumbled words.
A puff of frost appears from out of thin air!
The puff of frost hits you!
* * * LOW HITPOINT WARNING * * *
The howler monkey hoots and howls with incredible vigour!
Sorry, you're not good enough to have a special ability.
You hit something.
You hear some strange, mumbled words.
A puff of flame appears from out of thin air!
The puff of flame hits you!
You die...

....#.....####...................
###...#.#....##......######......
##....####.##.##...### ###.... #
#....## #..#.###....####...... ##
##....###......รท.........(..##
.# ###....#.....##.####....(....
.# #........).....# #....)...# .#
#....#((..##...###........#
.#######...##...@.h(...........##
....................>..........##
.....#####....#.................#
.###...###....#.##..............#
.# ###..........##...............
.# ########......................
.# #...(.#..#........##..........
.# #..........###........#.....).
## #.....###### ####.#####...>..)


You could see a howler monkey.

Vanquished Creatures
  An orc wizard (D:3)
  5 adders
  4 gnolls (D:3)
  2 worms (D:2)
  3 dart slugs
  3 leopard geckos (D:1)
  4 orcs
  3 giant cockroaches (D:2)
  4 goblins
  7 hobgoblins
  2 jackals (D:1)
  A ball python (D:1)
  7 bats
  3 frilled lizards
  11 kobolds
  5 rats
65 creatures vanquished.

Vanquished Creatures (collateral kills)
  An adder (D:3)
1 creature vanquished.

Grand Total: 66 creatures vanquished

Notes
Turn   | Place    | Note
-------+----------+-------------------------------------------
     0 | D:1      | LostNumber the Demigod Transmuter began the quest for the
                  | Orb.
     0 | D:1      | Reached XP level 1. HP: 15/15 MP: 5/5
    87 | D:1      | Reached skill level 1 in Fighting
   427 | D:1      | Reached XP level 2. HP: 23/23 MP: 7/7
   620 | D:1      | Reached skill level 3 in Unarmed Combat
  1489 | D:2      | Reached XP level 3. HP: 28/28 MP: 6/8
  1807 | D:2      | Learned a level 2 spell: Sticks to Snakes
  1811 | D:2      | Learned a level 3 spell: Spider Form
  2579 | D:3      | Reached XP level 4. HP: 9/35 MP: 7/10
  3229 | D:3      | Reached XP level 5. HP: 19/41 MP: 9/11
  3634 | D:3      | HP: 2/41 [something/puff of frost (8)]
  3637 | D:3      | Killed from afar by an orc wizard

Skill      XL: |  1  2  3  4  5 |
---------------+----------------+-----
Fighting       | 1 2 |  2.0
Transmutations | 2 |  2.6
Dodging        | 2 |  2.7
Unarmed Combat | 3 |  3.9
Spellcasting   | 2 |  2.5

Action                   |  1- 3 |  4- 6 || total
-------------------------+-------+-------++-------
Melee: Unarmed           |   157 |    69 ||   226
       Headbutt          |     8 |     1 ||     9
       Kick              |     4 |     2 ||     6
       Punch             |     1 |     1 ||     2
 Cast: Beastly Appendage |     8 |     5 ||    13
       Spider Form       |     1 |     4 ||     5
       Sticks to Snakes  |     1 |       ||     1
  Use: Potion            |     1 |       ||     1
 Stab: Sleeping          |     3 |       ||     3
  Eat: Chunk             |     5 |     4 ||     9
Armor: Robe              |    28 |    20 ||    48
       Skin              |       |     2 ||     2
Dodge: Dodged            |    96 |    70 ||   166
